woodfighter, chaotic female elven Rogue ---- -------.<| ..- --.|.|....| ....G ---|........-- #-..#- |.--.|......| ##)| --..--.%....| |@.| ---|......-- --.-- -----.---..| |..| ----.|...| --.| |.-- |......--- |.--- |.| --.....-- |...| --.| |.......|------..-- |..| --......--..|--...| |.-- --...*.....|....--- |.| |........-|......|--.| |........|--.....||..| ----.--..|--....-||.-- -------|......||.-- --..--.--..| ----|.....| ------- woodfighter the Rogue Experience level: 4 Strength: 12 Dexterity: 19 Constitution: 16 Intelligence: 12 Wisdom: 8 Charisma: 8 Health: 0(31) Energy: 18(18) Def: 4 Gold: 136 Moves: 2069 Dungeon seed [set]: Game ID: woodfighter_1679069112 Your Inventory: Coins $ - 136 gold pieces Weapons a - an uncursed +0 elven short sword (weapon in hand) b - 12 uncursed +0 elven daggers (in quiver) p - an uncursed +1 elven dagger Armor e - an uncursed +1 leather armor (being worn) n - an uncursed +0 orcish helm (being worn) Comestibles k - an uncursed lichen corpse o - an uncursed food ration x - an uncursed lembas wafer Potions C - an uncursed potion of sleeping Wands m - an uncursed wand of enlightenment (0:14) D - an uncursed wand of sleep (0:8) Tools g - an uncursed blindfold s - an uncursed sack Gems q - an uncursed worthless piece of orange glass Contents of the sack: 297 gold pieces an uncursed scroll of enchant weapon an uncursed scroll of fire an uncursed scroll of identify an uncursed spellbook of cause fear an uncursed potion of fruit juice an uncursed potion of monster detection an uncursed potion of sickness a blessed wand of opening (0:3) Spells and supernatural/magical abilities: Name Level Category Fail Memory W - pray for help -- divine ? -- Your skills at the end: Miscellaneous Skills wands [Basic] Weapon Skills dagger [Basic] short sword [Basic] Spellcasting Skills Final Attributes: You were piously aligned. You were sleep resistant. You saw invisible. You were telepathic. You had infravision. You were stealthy. You are dead. Vanquished creatures: a floating eye a rothe a jitterbug 2 hobbits 2 geckos a hobgoblin a giant rat a brown mold a yellow mold 2 gnomes 3 jackals a fox 4 newts a goblin 4 grid bugs 7 lichens a kobold zombie 34 creatures vanquished. Voluntary challenges: You did not adorn yourself with jewelry or accessories. You did not cause conflict. You were not invisible. You did not have reflection. You were not displaced. You did not donate to any temples.. You used a wielded weapon 48 times, starting on turn 9. You did not apply a unicorn horn. You did not use plumbed fixtures. You did not drink any magical draughts. You were illiterate. You never genocided any monsters. You never polymorphed an object. You never changed form. You used no wishes. You did not use any artifacts. You never split a pudding. You never wrote Elbereth's name. You never violated your personal moral code. You enabled loading special bones files. Dungeon overview: The Dungeons of Doom: levels 1 to 5 Level 1 a fountain a long staircase Level 2 stairs to The Gnomish Mines Level 3 a vault, a general store, an altar to Kos, a fountain Level 4 (box) an altar to Kos, some fountains Level 5 a vault The Gnomish Mines: Level 3 <- You were here stairs to The Dungeons of Doom History has recorded: On T:1 you entered the Dungeons of Doom to retrieve the Amulet of Yendor! On T:238 you reached level 2 of The Dungeons of Doom. On T:324 you advanced to experience level 2. On T:329 you reached level 3 of The Dungeons of Doom. On T:398 you reached level 1 of The Gnomish Mines. On T:669 you advanced to experience level 3. On T:937 you reached level 4 of The Dungeons of Doom. On T:1482 you reached level 5 of The Dungeons of Doom. On T:1526 you advanced to experience level 4. On T:1723 you prayed to Kos. Score breakdown: Gold: 433 ( 43 points) Experience: 4 levels ( 300 points) Exploration: 5 levels ( 120 points) Discoveries: 13 items ( 650 points) Variety of kills: 17 monsters ( 850 points) Major goal: (nothing yet) ( 0 points) Survival: died (score multiplied by 3) Total score: 5889 Latest messages: Elf needs food, badly! You stop exploring. This lichen corpse tastes terrible! You don't feel so weak now. You hear crashing rock. You finish eating the lichen corpse. You stop exploring. The gnome king drinks a gray potion! The gnome king's body takes on a strange transparency. The invisible gnome king wields a dagger! You stab the invisible gnome king. The invisible gnome king thrusts one of his daggers at you. The iron sears your flesh! The invisible gnome king stabs you! You stab the invisible gnome king. The invisible gnome king thrusts one of his daggers at you. The iron sears your flesh! The invisible gnome king stabs you! You stab the invisible gnome king. The invisible gnome king thrusts one of his daggers at you. The iron sears your flesh! The invisible gnome king stabs you! The invisible gnome king throws 2 daggers! You are hit by the 1st dagger. The iron sears your flesh! You die... Final status: Goodbye woodfighter the Rogue, killed by a dagger... You died in The Gnomish Mines on dungeon level 3 with 5889 points, and 433 pieces of gold, after 2069 moves. You were level 4 with a maximum of 31 hit points when you died.